Construct Infanterie Kompanie
Selects Mechanized Battlegroup
Construct Luftwaffe Kompanie
Selects Wespe Self-propelled Artillery
Luftwaffe Officer Quarters
Selects Mechanized Assault
Construct Panzer Kompanie
Selects StuG Assault Group
Selects UNKNOWN (2160084)
Wespe Self-propelled Artillery
Construct Panzergrenadier Kompanie
Wespe Self-propelled Artillery
Pak 40 Anti-tank Gun Team
Pak 40 Anti-tank Gun Team
Pak 40 Anti-tank Gun Team